Map: Hardwire LE

Players

LiquidClem (Clem) - Winner!

  • Race: Terran Terran
  • League: Master

Reynor

  • Race: Zerg Zerg
  • League: Master

VOD

Have the link to the VOD?

Description

Time

  • Played on: Dec. 13, 2021, 4:28 p.m.
  • Length: 22:21
Show
View Real Time Build Order
Export as new Build Order

LiquidClem Terran - Winner!

Build Orders: Hellion Opening, Reaper Expand 

Get SALT Encoding   

  12  0:00  SCV  
  13  0:12  SCV  
  14  0:16  Supply Depot  
  14  0:24  SCV  
  15  0:38  SCV  
  15  0:40  Barracks  
  16  0:43  Refinery  
  16  0:50  SCV  
  17  1:02  SCV  
  18  1:14  SCV  
  19  1:27  Orbital Command, Reaper  
  20  1:39  Command Center  
  20  1:46  Supply Depot  
  20  1:52  SCV  
  21  1:58  Marine  
  22  2:04  SCV  
  23  2:11  Factory  
  23  2:16  SCV  
  23  2:19  Barracks Reactor  
  24  2:29  SCV  
  25  2:37  Command Center  
  25  2:47  SCV  
  25  2:51  Orbital Command  
  26  2:59  SCV  
  26  3:00  Starport  
  26  3:05  Refinery  
  27  3:10  Hellion  
  27  3:11  SCV  
  30  3:15  Hellion  
  30  3:17  SCV  
  33  3:23  SCV, Barracks Tech Lab  
  34  3:29  SCV  
  34  3:33  Hellion  
  37  3:35  SCV  
  37  3:36  Hellion  
  40  3:42  SCV  
  40  3:47  SCV  
  42  3:49  Orbital Command  
  42  3:52  Marine  
  42  3:54  SCV  
  44  3:56  Raven  
  44  3:58  Hellion  
  44  3:59  Hellion, SCV  
  51  4:06  SCV, Supply Depot  
  52  4:12  SCV  
  53  4:18  SCV  
  53  4:19  Hellion  
  53  4:21  Hellion  
  53  4:22  SCV  
  59  4:29  SCV, Barracks Tech Lab  
  60  4:36  SCV x2, Barracks  
  60  4:38  Supply Depot  
  62  4:39  Supply Depot, Barracks  
  62  4:41  SCV  
  62  4:45  Hellion x2  
  67  4:47  Marine  
  67  4:49  Refinery  
  67  4:51  SCV, Orbital Command  
  69  4:53  Starport Reactor  
  69  4:54  Refinery  
  69  5:00  SCV  
  69  5:02  Supply Depot  
  69  5:04  SCV  
  69  5:05  Marine  
  68  5:09  Hellion x2  
  68  5:13  SCV  
  70  5:16  SCV  
  70  5:17  SCV  
  64  5:23  Marine  
  64  5:25  SCV  
  64  5:28  SCV  
  64  5:29  SCV  
  64  5:33  Stimpack  
  65  5:37  Factory Reactor, SCV, Marine x2  
  65  5:38  Starport Reactor  
  65  5:39  Marine x2  
  65  5:40  SCV, Supply Depot  
  65  5:41  SCV  
  72  5:47  Marine  
  72  5:49  SCV  
  74  5:52  SCV  
  74  5:54  SCV  
  74  5:55  Marine  
  77  5:57  Supply Depot  
  77  5:59  Engineering Bay x2  
  77  6:01  SCV, Marine, Barracks  
  79  6:04  SCV  
  79  6:05  Marine x2, Barracks  
  79  6:07  SCV  
  79  6:10  Marine  
  84  6:13  Marine  
  85  6:18  Medivac  
  85  6:19  SCV x2, Supply Depot, Medivac  
  85  6:21  Supply Depot  
  85  6:25  Widow Mine  
  93  6:27  Supply Depot  
  93  6:40  SCV x2, Marine x4  
  93  6:41  Widow Mine  
  93  6:43  SCV, Terran Infantry Weapons Level 1  
  93  6:44  Supply Depot  
  93  6:45  Terran Infantry Armor Level 1  
  102  6:48  Widow Mine  
  102  6:50  Factory, Supply Depot  
  102  6:51  Barracks Reactor x2  
  102  6:53  SCV x2  
  106  6:55  SCV  
  106  6:56  Marine  
  106  6:57  Refinery  
  106  6:58  Marine  
  106  7:00  Marine  
  110  7:02  Marine  
  110  7:04  Widow Mine  
  110  7:05  SCV x2  
  110  7:06  Medivac  
  117  7:11  Widow Mine  
  117  7:13  Combat Shield  
  117  7:15  Marine  
  120  7:17  SCV x2, Supply Depot  
  120  7:20  Marine  
  120  7:21  Command Center  
  123  7:25  Armory  
  123  7:27  Widow Mine  
  125  7:32  Widow Mine, Supply Depot  
  125  7:36  Supply Depot  
  127  7:38  Supply Depot  
  127  7:39  Marine x2, Supply Depot  
  127  7:40  Marine x4  
  127  7:43  Widow Mine  
  133  7:48  Widow Mine, Medivac x2  
  133  7:51  Marine x2  
  140  7:52  Marine  
  140  7:54  Supply Depot  
  140  7:56  Widow Mine  
  140  7:58  Marine  
  144  7:59  SCV, Supply Depot  
  144  8:00  SCV  
  146  8:07  Supply Depot  
  146  8:08  Marine, Widow Mine  
  146  8:09  Marine  
  146  8:11  Marine  
  153  8:12  Marine, Widow Mine  
  153  8:13  Marine  
  153  8:15  Marauder  
  153  8:18  Medivac  
  153  8:19  Widow Mine  
  149  8:27  Barracks  
  149  8:28  Barracks  
  149  8:29  Widow Mine  
  149  8:30  Marine, Barracks  
  152  8:34  Widow Mine  
  152  8:36  SCV, Marauder  
  152  8:39  SCV  
  152  8:40  Widow Mine  
  158  8:42  Sensor Tower  
  158  8:43  Marine  
  158  8:46  Marine x3  
  158  8:47  Marine x3  
  155  8:50  Terran Infantry Armor Level 2  
  155  8:51  Terran Infantry Weapons Level 2  
  155  8:53  SCV  
  155  8:54  SCV, Marine  
  156  8:57  Marauder  
  156  9:00  Medivac  
  156  9:02  Marine, Widow Mine  
  145  9:04  Marine x2  
  145  9:05  SCV, Widow Mine  
  145  9:08  Planetary Fortress  
  145  9:09  SCV  
  144  9:13  Marine x3  
  144  9:14  Marine  
  144  9:15  Marine  
  149  9:17  Siege Tank  
  149  9:19  Marauder  
  149  9:20  Marine  
  149  9:24  Marine x2  
  153  9:26  Barracks Tech Lab x3  
  153  9:31  Widow Mine x2, Medivac  
  159  9:35  Medivac  
  150  9:38  Marine  
  150  9:40  Marine x2, Marauder  
  143  9:49  Command Center  
  143  9:50  Widow Mine  
  140  9:54  SCV  
  140  9:56  Refinery  
  140  9:57  Marine x4, Marauder  
  147  10:01  Marauder, Medivac  
  147  10:05  Medivac  
  147  10:06  Widow Mine x2  
  157  10:07  Ghost Academy  
  157  10:08  Marauder  
  157  10:09  Marauder  
  157  10:10  Marine x2  
  157  10:12  Marine x2  
  165  10:14  Marine  
  165  10:18  Refinery  
  162  10:26  Marine x2  
  162  10:27  Marine x2  
  162  10:28  Widow Mine  
  162  10:29  Widow Mine  
  162  10:30  Terran Vehicle And Ship Armor Level 1  
  162  10:33  Missile Turret  
  164  10:38  Marine, Widow Mine  
  164  10:39  Marine, Marauder  
  170  10:44  SCV  
  170  10:45  Command Center  
  170  10:49  Marine x2  
  174  10:50  Widow Mine  
  174  10:54  Widow Mine, Medivac  
  174  10:55  Ghost x2  
  174  10:57  Marine x2  
  174  11:03  Widow Mine  
  178  11:07  Ghost  
  178  11:08  Ghost, Marine  
  183  11:11  SCV x2  
  183  11:12  Missile Turret  
  183  11:13  Widow Mine  
  187  11:23  Ghost, Medivac  
  187  11:24  Ghost  
  188  11:25  Widow Mine  
  188  11:32  SCV, Marine  
  184  11:35  Marine x5  
  184  11:36  Marine  
  184  11:37  Ghost, Widow Mine x2, Marauder  
  197  11:46  Missile Turret  
  193  11:50  Planetary Fortress  
  193  11:51  SCV, Marine x2  
  193  11:52  Ghost x2  
  193  11:53  Widow Mine  
  200  11:56  Marine  
  200  11:57  Marine  
  200  11:58  Orbital Command  
  198  12:01  Command Center  
  198  12:03  Widow Mine  
  196  12:11  Ghost, Medivac x2  
  196  12:14  Widow Mine  
  176  12:15  Marine  
  176  12:16  Marauder  
  176  12:18  Drilling Claws  
  176  12:22  Marine x2  
  179  12:24  Widow Mine  
  179  12:26  Marine, Marauder x2  
  179  12:29  Marine x2  
  187  12:31  Widow Mine  
  189  12:38  Widow Mine  
  189  12:41  Medivac x2  
  189  12:42  Marine  
  178  12:45  Widow Mine  
  178  12:46  Marine  
  178  12:47  Marine  
  178  12:51  Ghost  
  180  12:52  Marine  
  180  12:53  Widow Mine  
  180  12:56  SCV  
  180  12:57  Command Center, SCV  
  187  13:03  Refinery, Missile Turret  
  187  13:04  Refinery  
  187  13:07  Refinery  
  187  13:09  Widow Mine  
  187  13:10  Ghost  
  187  13:11  Ghost, Marine x2, Medivac x2  
  199  13:17  Orbital Command  
  199  13:18  Marine, Missile Turret  
  200  13:21  Ghost  
  200  13:33  Sensor Tower  
  198  13:58  Widow Mine, Marauder  
  198  14:01  Medivac x2  
  198  14:02  Widow Mine  
  192  14:09  Command Center, Ghost  
  192  14:11  Widow Mine  
  192  14:13  Command Center  
  192  14:14  Ghost  
  192  14:16  Command Center  
  196  14:17  Missile Turret  
  196  14:19  Ghost  
  196  14:21  Ghost  
  196  14:22  Command Center  
  198  14:25  Personal Cloaking  
  198  14:26  Terran Infantry Weapons Level 3  
  198  14:31  Medivac  
  200  14:33  Terran Infantry Armor Level 3  
  200  14:38  Ghost  
  198  14:41  Marine  
  198  14:42  Ghost, Marine  
  194  14:47  Widow Mine  
  194  14:48  Planetary Fortress  
  196  14:53  Ghost  
  196  14:57  Widow Mine  
  196  14:59  Medivac  
  196  15:00  Widow Mine  
  196  15:03  Ghost  
  196  15:04  Marine  
  183  15:12  Medivac  
  183  15:13  Widow Mine  
  187  15:16  Ghost  
  187  15:19  Marine, Widow Mine  
  187  15:20  Marine x4  
  196  15:21  Widow Mine  
  196  15:25  SCV x2  
  200  15:29  Refinery  
  200  15:33  Ghost x2, Marine  
  199  15:41  Refinery  
  199  15:59  Widow Mine  
  199  16:05  Ghost  
  199  16:09  Ghost  
  191  16:12  Widow Mine  
  191  16:15  Marauder  
  191  16:16  Orbital Command x2  
  195  16:22  SCV  
  195  16:24  SCV  
  195  16:25  Widow Mine  
  194  16:28  Ghost  
  194  16:30  Widow Mine  
  192  16:34  Widow Mine  
  192  16:37  Command Center, Medivac  
  193  16:41  Ghost  
  193  16:45  Marine x2  
  193  16:46  Widow Mine  
  198  16:49  Marine x2  
  198  16:51  Terran Vehicle And Ship Armor Level 2  
  200  16:57  Marine, Widow Mine  
  196  17:02  Widow Mine, Marauder  
  196  17:06  Marine  
  196  17:08  Widow Mine  
  198  17:10  Ghost  
  198  17:11  Marine x2  
  192  17:16  Liberator  
  192  17:18  Widow Mine  
  192  17:21  Marine x2  
  192  17:22  Marauder  
  197  17:23  Cyclone  
  197  17:26  Missile Turret x2  
  197  17:28  Ghost  
  196  17:44  Ghost  
  196  17:48  Widow Mine  
  196  17:49  Marine x2  
  188  17:56  Widow Mine  
  188  17:57  Marauder  
  192  17:58  SCV  
  192  17:59  Medivac  
  192  18:00  Marine, Widow Mine  
  192  18:01  Marauder  
  192  18:04  Planetary Fortress  
  192  18:05  Ghost  
  186  18:08  SCV  
  179  18:13  SCV  
  179  18:16  Widow Mine  
  179  18:17  Ghost  
  179  18:18  Ghost  
  181  18:21  Ghost  
  181  18:22  Widow Mine  
  185  18:27  Marine x2  
  185  18:28  Widow Mine  
  185  18:32  Orbital Command  
  185  18:34  Ghost, SCV  
  183  18:36  Orbital Command  
  183  18:37  Widow Mine  
  185  18:41  Marine  
  185  18:42  Marine  
  185  18:44  Widow Mine  
  185  18:46  Ghost  
  185  18:48  Marauder  
  189  18:49  Widow Mine  
  189  18:51  Missile Turret, Marauder  
  189  18:52  Missile Turret  
  189  18:55  SCV  
  194  18:59  Widow Mine  
  180  19:03  Marauder  
  180  19:05  Marine x3, Widow Mine  
  180  19:09  Marauder  
  181  19:11  Widow Mine  
  181  19:12  Marine, Marauder  
  181  19:14  Medivac  
  181  19:15  Marauder  
  181  19:16  SCV  
  188  19:20  Widow Mine  
  188  19:22  SCV  
  188  19:23  Ghost  
  191  19:26  Widow Mine  
  193  19:32  Marine x2, Widow Mine  
  193  19:34  Marine  
  193  19:36  SCV  
  199  19:47  Missile Turret  
  199  20:04  SCV  
  199  20:06  Missile Turret  
  200  20:13  Ghost  
  198  20:15  Widow Mine, Medivac  
  198  20:16  Widow Mine  
  198  20:18  Ghost  
  198  20:20  Ghost  
  200  20:30  Command Center  
  200  20:31  Refinery  
  200  20:35  Widow Mine  
  178  20:44  Orbital Command  
  178  20:45  Ghost  
  178  20:47  Ghost x2  
  178  20:48  Marine x3  
  174  20:55  Ghost  
  156  20:59  Marine x2  
  151  21:14  Marauder  
  151  21:15  Ghost x2  
  156  21:19  Widow Mine x3  
  156  21:20  Marine x2  
  156  21:22  Marine  
  156  21:23  Marine x2  
  156  21:24  Marine  
  156  21:25  SCV, Marine, Marauder  
  171  21:28  SCV  
  167  21:33  Orbital Command  
  167  21:34  Ghost, Marine  
  169  21:44  Ghost x2  
  169  21:46  Widow Mine  
  173  21:49  Ghost  
  173  21:50  Missile Turret  
Show
View Real Time Build Order
Export as new Build Order

Reynor Zerg 

Build Orders: Hatch First, Lurkers 

Get SALT Encoding   

  12  0:00  Drone  
  13  0:12  Overlord  
  13  0:16  Drone  
  14  0:31  Drone x2  
  16  0:47  Hatchery  
  15  0:50  Drone  
  15  0:55  Drone  
  17  0:58  Drone  
  18  1:09  Extractor  
  17  1:13  Spawning Pool  
  17  1:15  Drone  
  17  1:19  Drone  
  18  1:27  Drone  
  19  1:38  Drone  
  20  1:48  Overlord  
  20  2:00  Zergling x2, Queen x2  
  25  2:01  Zergling x2  
  26  2:10  Drone  
  26  2:11  Drone  
  28  2:16  Metabolic Boost  
  28  2:21  Drone x2  
  30  2:29  Spore Crawler  
  30  2:37  Hatchery  
  30  2:40  Drone x2  
  31  2:45  Queen  
  33  2:51  Overlord  
  33  2:52  Drone  
  33  2:55  Drone  
  33  2:57  Drone  
  36  3:10  Queen  
  36  3:11  Drone x3  
  41  3:13  Overlord  
  41  3:16  Drone  
  41  3:19  Drone x2  
  44  3:31  Overlord  
  44  3:32  Drone, Queen  
  47  3:42  Drone x2  
  47  3:48  Zergling x6  
  51  3:50  Drone x2  
  51  3:51  Queen x2  
  58  3:56  Drone x2  
  58  4:01  Overlord  
  60  4:03  Drone x3  
  60  4:06  Spore Crawler, Zergling x2  
  64  4:12  Zergling x4  
  66  4:18  Overlord  
  66  4:21  Drone  
  66  4:22  Drone  
  66  4:23  Drone x2  
  68  4:28  Zergling x2  
  69  4:32  Drone  
  69  4:33  Drone  
  69  4:34  Queen  
  69  4:36  Queen  
  69  4:37  Overlord  
  76  4:45  Zergling x12  
  76  4:46  Zergling x2  
  76  4:49  Overlord  
  82  4:55  Queen  
  82  4:56  Overlord  
  82  4:58  Evolution Chamber x2, Zergling x2  
  83  5:05  Zergling x4  
  84  5:08  Zergling x6  
  84  5:13  Zergling x2  
  84  5:14  Zergling x8  
  87  5:18  Zergling x2  
  78  5:21  Drone  
  78  5:22  Drone  
  78  5:24  Zerg Ground Armor Level 1, Zerg Melee Weapons Level 1  
  80  5:29  Drone  
  80  5:34  Drone x2  
  83  5:38  Drone  
  83  5:43  Drone  
  83  5:45  Extractor, Overlord, Hatchery  
  83  5:46  Extractor  
  83  5:47  Extractor  
  80  5:50  Drone  
  80  5:53  Drone x2  
  80  5:54  Drone x3  
  80  5:55  Lair  
  80  5:56  Drone  
  87  5:57  Drone x2  
  87  6:00  Drone  
  87  6:02  Queen  
  92  6:04  Extractor  
  92  6:05  Extractor  
  92  6:06  Drone  
  92  6:07  Baneling Nest, Drone  
  92  6:08  Overlord, Drone  
  92  6:10  Drone  
  93  6:12  Drone  
  93  6:16  Drone  
  95  6:19  Drone  
  95  6:21  Spore Crawler  
  95  6:23  Drone x2  
  95  6:24  Drone x2  
  97  6:26  Drone x2  
  97  6:27  Drone, Spore Crawler  
  97  6:30  Drone x2, Spore Crawler  
  100  6:33  Drone  
  101  6:41  Drone x2  
  101  6:46  Overlord  
  103  6:51  Drone x4  
  103  6:52  Centrifugal Hooks, Drone  
  103  6:53  Drone x2  
  110  6:54  Hydralisk Den, Drone  
  110  6:56  Overlord, Drone x3  
  110  6:58  Drone  
  110  7:00  Pneumatized Carapace  
  114  7:05  Drone x2  
  116  7:09  Zergling x4  
  118  7:16  Drone x2  
  118  7:21  Zergling x10  
  118  7:22  Zerg Melee Weapons Level 2, Zerg Ground Armor Level 2  
  125  7:23  Overlord  
  125  7:24  Overlord x2  
  125  7:25  Muscular Augments  
  125  7:27  Overseer  
  125  7:36  Overlord  
  125  7:40  Extractor  
  125  7:41  Extractor  
  123  7:45  Hydralisk x6  
  123  7:46  Zergling x6  
  123  7:50  Zergling x2  
  139  7:57  Spore Crawler  
  139  7:58  Spore Crawler  
  137  7:59  Overseer  
  137  8:00  Baneling x9  
  137  8:01  Zergling x24  
  137  8:04  Hydralisk  
  151  8:11  Drone  
  152  8:14  Zergling x2  
  152  8:15  Zergling x8  
  151  8:20  Hydralisk x2, Zergling x4  
  151  8:24  Hatchery  
  148  8:29  Hydralisk x2  
  148  8:30  Zergling x16  
  148  8:34  Infestation Pit, Overlord x2  
  160  8:35  Overlord  
  157  8:44  Hydralisk  
  157  8:45  Hydralisk x2  
  160  8:49  Baneling x10  
  160  8:50  Baneling x2  
  160  8:57  Zergling x14  
  160  9:01  Hatchery  
  160  9:02  Hydralisk x2  
  146  9:03  Zergling x6  
  146  9:05  Hydralisk x2, Zergling x2  
  146  9:06  Zergling x4  
  146  9:08  Hydralisk  
  146  9:09  Zergling x2  
  160  9:15  Hive  
  160  9:16  Zergling x4  
  162  9:19  Hydralisk, Grooved Spines  
  162  9:20  Zergling x6  
  166  9:25  Drone x2  
  166  9:29  Baneling x8  
  166  9:31  Drone x2  
  169  9:36  Hydralisk  
  169  9:37  Zergling x4  
  169  9:38  Zerg Missile Weapons Level 1, Zergling x8  
  157  9:50  Drone x3  
  157  9:51  Drone x4  
  161  9:53  Zergling x14  
  168  10:03  Drone  
  168  10:04  Drone x4  
  173  10:08  Lurker Den  
  173  10:09  Baneling x8, Hydralisk  
  173  10:10  Zergling x6  
  170  10:14  Drone x2  
  170  10:15  Drone  
  168  10:22  Drone x2  
  168  10:23  Drone x4  
  168  10:25  Zergling x8  
  168  10:28  Drone  
  179  10:31  Zergling x8  
  183  10:36  Viper x3  
  183  10:40  Zergling x6  
  195  10:43  Baneling x10  
  195  10:48  Zerg Ground Armor Level 3  
  190  11:03  Drone x6  
  190  11:04  Overlord  
  196  11:07  Adaptive Talons  
  196  11:08  Overlord  
  196  11:12  Spore Crawler  
  196  11:13  Spine Crawler  
  196  11:15  Adrenal Glands  
  194  11:19  Zergling x4  
  194  11:20  Zergling x2  
  194  11:24  Zergling x26  
  197  11:33  Zergling x4  
  199  11:46  Zergling x2  
  196  11:57  Zergling x6  
  194  12:11  Zergling x2  
  190  12:29  Zergling x8  
  195  12:30  Zergling x10  
  195  12:32  Baneling  
  195  12:33  Baneling x14  
  191  12:40  Hydralisk  
  191  12:41  Zergling x22  
  186  12:45  Zergling x2  
  186  12:46  Zergling x4  
  186  12:49  Overlord x3  
  186  12:50  Overlord  
  186  12:51  Zerg Melee Weapons Level 3  
  183  12:54  Seismic Spines  
  183  13:00  Drone x4  
  183  13:04  Baneling  
  183  13:05  Baneling x9, Hydralisk, Overseer x3  
  187  13:15  Lurker x9  
  187  13:17  Baneling  
  187  13:18  Baneling x5  
  196  13:25  Zerg Missile Weapons Level 2  
  193  13:27  Extractor  
  193  13:28  Lurker x6  
  193  13:29  Extractor  
  193  13:30  Spore Crawler  
  193  13:31  Zergling x8  
  199  13:40  Overseer  
  195  13:45  Drone x3  
  192  13:53  Zergling x10  
  192  13:54  Zergling x22  
  199  13:58  Hydralisk, Zergling x2  
  199  13:59  Zergling x8  
  197  14:05  Ultralisk Cavern  
  197  14:09  Drone x3  
  197  14:10  Drone x3  
  197  14:15  Hydralisk  
  197  14:16  Zergling x4  
  200  14:22  Overlord x3  
  196  14:36  Extractor  
  196  14:37  Hatchery  
  191  14:40  Zergling x26  
  191  14:41  Zergling x8  
  191  14:44  Overseer  
  198  14:54  Zergling x2  
  198  14:55  Hatchery, Zergling x2  
  197  15:04  Hydralisk, Zergling x4  
  197  15:05  Zergling x18  
  197  15:06  Zergling x2  
  176  15:15  Ultralisk Cavern  
  176  15:18  Infestation Pit, Zergling x10  
  176  15:23  Queen  
  176  15:24  Hydralisk x3  
  176  15:28  Zergling x8  
  188  15:32  Zergling x2  
  174  15:38  Hydralisk x2  
  174  15:39  Zergling x4  
  174  15:40  Hatchery  
  175  15:43  Zergling x10  
  175  15:44  Zergling x4  
  175  15:47  Baneling x8, Overseer x2  
  185  15:50  Lurker x6, Viper x3  
  185  15:52  Zergling x4  
  185  15:56  Baneling x2  
  197  16:00  Baneling x8, Zergling x2  
  197  16:01  Zergling x6  
  198  16:05  Hydralisk  
  198  16:06  Zergling x2  
  198  16:11  Hydralisk x2, Zergling x6  
  191  16:17  Hydralisk  
  200  16:21  Zergling x12  
  187  16:26  Zergling x12  
  187  16:29  Zergling x6  
  187  16:31  Hydralisk x2, Zergling x2  
  190  16:37  Queen  
  190  16:38  Zergling x10  
  192  16:40  Hatchery  
  192  16:41  Hatchery  
  192  16:42  Zergling x6  
  192  16:45  Zergling x4  
  195  16:47  Zergling x6  
  195  16:51  Zergling x4  
  191  16:54  Zergling x2  
  191  16:59  Hydralisk x3  
  192  17:02  Zergling x4  
  192  17:06  Hydralisk  
  192  17:07  Zergling x8  
  187  17:11  Zergling x2  
  187  17:12  Zergling x18  
  196  17:17  Lurker x3  
  196  17:19  Zergling x2  
  194  17:26  Zergling x2  
  194  17:27  Zergling x8  
  194  17:29  Hatchery  
  198  17:33  Lurker x2  
  200  17:42  Hydralisk  
  200  17:43  Zergling x14  
  199  17:46  Zerg Missile Weapons Level 3  
  199  17:47  Zergling x2  
  199  17:48  Zergling x4  
  199  17:53  Zergling x6  
  186  18:00  Hydralisk, Zergling x2  
  186  18:01  Zergling x16  
  186  18:02  Hydralisk  
  186  18:03  Hydralisk x3  
  186  18:05  Queen  
  182  18:08  Zergling x18  
  182  18:11  Zergling x2  
  182  18:12  Zergling x2  
  187  18:13  Lurker x2  
  187  18:16  Hydralisk  
  187  18:18  Hydralisk x3  
  190  18:22  Hydralisk x2  
  190  18:23  Baneling x15  
  191  18:31  Overseer  
  191  18:33  Baneling x8  
  184  18:34  Hydralisk  
  184  18:35  Hydralisk x5, Zergling x10  
  184  18:40  Hydralisk  
  199  18:43  Zergling x2  
  199  18:44  Zergling x4  
  199  18:46  Baneling x5  
  195  18:52  Overlord  
  172  19:02  Zergling x2  
  172  19:03  Zergling x22  
  172  19:05  Queen  
  172  19:07  Hydralisk  
  169  19:11  Zergling x2  
  169  19:15  Zergling x14  
  166  19:19  Overseer  
  166  19:21  Baneling x11  
  166  19:23  Overlord  
  163  19:35  Zergling x10  
  163  19:37  Overlord x3  
  164  19:43  Lurker x7  
  164  19:44  Lurker  
  172  19:46  Overlord  
  172  19:48  Overlord  
  172  19:51  Spore Crawler  
  171  19:54  Drone  
  171  19:57  Spore Crawler  
  165  20:01  Zergling x28  
  179  20:09  Hydralisk  
  179  20:10  Zergling x6  
  175  20:15  Zergling x8  
  175  20:16  Zergling x8  
  175  20:17  Zergling x2  
  175  20:19  Lurker  
  175  20:20  Lurker x2  
  186  20:23  Hydralisk x3  
  186  20:24  Zergling x4  
  189  20:30  Baneling x2, Overseer  
  189  20:31  Baneling x4  
  189  20:32  Hydralisk x2  
  189  20:33  Zergling x2  
  189  20:34  Zergling x4  
  185  20:38  Hydralisk  
  178  20:42  Zergling x4  
  178  20:43  Zergling x6  
  178  20:46  Hydralisk  
  162  20:50  Hydralisk, Zergling x2  
  162  20:53  Hydralisk, Zergling x6  
  149  20:58  Overseer  
  149  21:04  Lurker  
  149  21:05  Lurker x3, Zergling x2  
  149  21:06  Zergling x4  
  149  21:08  Zergling x4  
  144  21:27  Lurker  
  144  21:32  Zergling x14  
  145  21:46  Zergling x24  
  142  21:57  Hydralisk  
  142  21:58  Zergling x2  
  138  22:02  Zergling x4  
Tags
 
Add a new tag
Caveats
  • Supply blocks, unpowered buildings, or Contaminate may cause inaccurate times.
  • Supply counts are checked every 10 seconds.